 Dungeon Crawl Stone Soup version 0.27-a0-1456-gf5a116941d (webtiles) character file.

Game seed: 13282764858544517613

46 dickylongcocking the Magician (level 3, 0/28 HPs)
             Began as a Djinni Summoner on July 6, 2021.
             Slain by an adder (2 damage)
             ... on level 1 of the Dungeon.
             The game lasted 00:03:21 (2905 turns).

dickylongcocking the Magician (Djinni Summoner)     Turns: 2905, Time: 00:03:22

Health: 0/28       AC:  3    Str:  8    XL:     3   Next: 92%
Gold:   61         EV: 11    Int: 16    God:
                   SH:  0    Dex: 13

rFire    + + .     SeeInvis .   f - +0 spear
rCold    x . .     Faith    .   (no shield)
rNeg     . . .     Spirit   .   c - +0 leather armour
rPois    ∞         Reflect  .   (no helmet)
rElec    .         Harm     .   (no cloak)
rCorr    .         Rampage  .   (no gloves)
Will     .....                  (boots unavailable)
Stlth    ++........             (no amulet)
HPRegen  0.09/turn              (no ring)
MPRegen  0.00/turn              (no ring)

@: flying
A: sickness immunity, fire resistance 2, cold vulnerability 1, float, innate
caster, hp casting, extra vitality 1
a: no special abilities


You were on level 1 of the Dungeon.
You visited 1 branch of the dungeon, and saw 2 of its levels.

You collected 61 gold pieces.

Inventory:

Hand Weapons
 f - a +0 spear (weapon)
Armour
 a - a +0 robe
 c - a +0 leather armour (worn)
Magical Staves
 e - a staff of conjuration
Scrolls
 b - a scroll of summoning {unknown}
 d - a scroll of silence {unknown}
 g - a scroll of identify {unknown}


   Skills:
 * Level 1.8 Fighting
 * Level 0.8 Polearms
 - Level 2.1 Dodging
 - Level 1.5 Stealth
 * Level 3.7 Spellcasting


You couldn't memorise any spells.
You knew the following spells:

 Your Spells              Type           Power      Damage    Failure   Level
a - Summon Small Mammal   Summ           56%        N/A       5%          1
b - Call Imp              Summ           14%        N/A       9%          2
c - Call Canine Familiar  Summ           14%        N/A       17%         3
d - Summon Guardian Gole  Hex/Summ       14%        N/A       17%         3
e - Summon Lightning Spi  Summ/Air       14%        N/A       50%         4
f - Pain                  Necr           56%        1d6       5%          1
Your spell library was empty.

Dungeon Overview and Level Annotations

Branches:
Dungeon (2/15)

Altars:


Innate Abilities, Weirdness & Mutations

You are immune to sickness and miasma.
You are immune to poison.
Your flesh is very heat resistant. (rF++)
You are vulnerable to cold. (rC-)
You float through the air rather than walking.
You learn spells naturally, not from books.
Your magical power is your life essence.
You have superior vitality. (+4 HP)


Message History

Unknown command.
Unknown command.
Okay, then.
The adder barely misses you. The adder closely misses you.
The adder bites you but does no damage.
There is a stone staircase leading down here.
Your crimson imp disappears in a puff of smoke!
Casting: Call Imp (safe; 9% risk of failure)
Confirm with . or Enter, or press ? or * to list all spells.
* * * LOW HITPOINT WARNING * * *
The adder closely misses you.
Unknown command.
Unknown command.
Unknown command.
The adder closely misses you.
You see here 8 bolts.
Your rat bites the adder.
Your rat barely misses the adder.
The adder closely misses you.
You barely miss the adder.
The adder is lightly wounded.
The adder bites you.
* * * LOW HITPOINT WARNING * * *
Unknown command.
Unknown command.
Unknown command.
Your rat completely misses the adder.
The adder closely misses you. The adder closely misses you.
Casting: Summon Small Mammal (safe; 5% risk of failure)
Confirm with . or Enter, or press ? or * to list all spells.
Okay, then.
Unknown command.
Casting: Summon Small Mammal (safe; 5% risk of failure)
Confirm with . or Enter, or press ? or * to list all spells.
Okay, then.
The adder bites you but does no damage. The adder bites you.
You die...

#....#........##.###.#####.# #
#....#..###...##.###.....#.#####
#....#.............##.#....#....
#......#####....##.##.#..####.##
#....### #.#..##.##.#..# #.#
#....# ###.#.r##r##.#..####.#
#....# #......##.##..†......#
#....# #.#...S##.#..#########
#....# #.###.@##.#.## ######
#.......(.#.# ######.##.#.#
#.####.# #.# #.# #.# #.# #.# #.#
#.# #.# #.# #.#


You could see an adder (ally target) and a friendly rat (summoned).

Vanquished Creatures
  2 adders (D:2)
  A bat (D:1)
  2 endoplasms
  A giant cockroach (D:1)
  A goblin (D:1)
  A hobgoblin (D:1)
  A quokka (D:1)
  A ball python (D:1)
  A frilled lizard (D:1)
  2 rats (D:2)
13 creatures vanquished.

Vanquished Creatures (collateral kills)
  An adder (D:2)
  A ball python (D:2)
  3 endoplasms (D:1)
  A hobgoblin (D:1)
  2 jackals (D:1)
  3 bats
  3 frilled lizards (D:1)
  6 rats
20 creatures vanquished.

Grand Total: 33 creatures vanquished

Notes
Turn   | Place    | Note
-------+----------+-------------------------------------------
     0 | D:1      | dickylongcocking the Djinni Summoner began the quest for
                  | the Orb.
     0 | D:1      | Reached XP level 1. HP: 15/15 MP: 0/0
   887 | D:1      | Reached XP level 2. HP: 2/22 MP: 0/0
  1548 | D:1      | Reached skill level 1 in Fighting
  1741 | D:1      | Found a faded altar of an unknown god.
  2016 | D:1      | Reached XP level 3. HP: 19/27 MP: 0/0
  2016 | D:1      | Learned a level 1 spell: Pain
  2905 | D:1      | Slain by an adder

Illustrated notes

Levels and vault maps discovered:
D:1:      onia_arrival_mini_maze, layout_basic, chequers_ecumenical_altar_island
D:2:      layout_rooms

Skill      XL: |  1  2 |
---------------+-------+-----
Fighting       | 1 |  1.8
Polearms       | |  0.8
Dodging        | |  2.1
Stealth        | |  1.5
Spellcasting   | |  3.7

Action                   || total
-------------------------++-------
Melee: Unarmed           ||    19
       Spear             ||    66
 Cast: Summon Small Mamm ||    58
       Pain              ||     2
       Call Imp          ||     2
       Call Canine Famil ||     2
  Use: Potion            ||     1
 Stab: Distracted        ||     1
       Sleeping          ||     1
Armor: Leather armour    ||    30
       Robe              ||     1
Dodge: Dodged            ||    70

Table legend: (Time is in decaauts)
 A = Elapsed time spent in this place.
 B = Non-inter-level travel time spent in this place.
 C = Inter-level travel time spent in this place.
 D = Time resting spent in this place.
 E = Time spent auto-exploring this place.
 F = Levels seen in this place.
 G = Mean time per level.
                   A        B        C        D        E       F      G
               +--------+--------+--------+--------+--------+-----+--------+
         Total |   2893 |   2838 |     55 |    402 |   1939 |   2 | 1446.5 |
       Dungeon |   2893 |   2838 |     55 |    402 |   1939 |   2 | 1446.5 |
               +--------+--------+--------+--------+--------+-----+--------+

Top non-repeatable levels by time:
     D:1: 2556 daAuts
     D:2: 336 daAuts
